 Seeded DCSS version 0.30.1 (webtiles) character file.

Game seed: 7229806256980976716 (custom seed)

2 McKennaii the Conjurer (level 1, 14/14 HPs)
             Began as a Demigod Conjurer on July 13, 2023.
             Quit the game on level 1 of the Dungeon.
             The game lasted 00:00:20 (138 turns).

McKennaii the Conjurer (Demigod Conjurer)            Turns: 138, Time: 00:00:21

Health: 14/14      AC:  3    Str:  8    XL:     1   Next: 26%
Magic:  5/5        EV: 12    Int: 25    God:
Gold:   17         SH:  0    Dex: 12    Spells: 2/3 levels left

rFire   . . .        (no weapon)
rCold   . . .        (no shield)
rNeg    . . .        a - +0 robe
rPois   .            g - +1 hat of Ywutoboo {Int+5}
rElec   .            (no cloak)
rCorr   .            (no gloves)
SInv    .            (no boots)
Will    .....        (no amulet)
Stlth   ++           (no ring)
HPRegen 0.22/turn    (no ring)
MPRegen 0.09/turn

%: no passive effects
@: no status effects
A: high MP 1, forlorn, divine attributes
a: no special abilities


You were on level 1 of the Dungeon.
You visited 1 branch of the dungeon, and saw 1 of its levels.

You collected 17 gold pieces.

Inventory:

Missiles
 c - a throwing net
Armour
 a - a +0 robe (worn)
 g - the +1 hat of Ywutoboo (worn) {Int+5}
   (You acquired it on level 1 of the Dungeon)

   Int:       It affects your intelligence (+5).
Scrolls
 d - 2 scrolls of amnesia {unknown}
 e - a scroll of acquirement
 f - a scroll of teleportation {unknown}
Potions
 b - a potion of magic


   Skills:
 - Level 1.7 Dodging
 - Level 1.7 Stealth
 + Level 1.9 Spellcasting
 + Level 3.6 Conjurations


You had 2 spell levels left.
You knew the following spells:

 Your Spells              Type           Power      Damage    Failure   Level
a - Magic Dart            Conj           80%        1d7       2%          1

Your spell library contained the following spells:

 Spells                   Type           Power      Damage    Failure   Level
 Searing Ray              Conj           40%        2d5       3%          2
 Dazzling Flash           Conj/Hex       22%        N/A       16%         3
 Fulminant Prism          Conj/Hex       5%         3d7       47%         4
 Iskenderun's Mystic Bla  Conj/Tloc      11%        2d4       47%         4


Dungeon Overview and Level Annotations

Branches:
Dungeon (1/15)


Innate Abilities, Weirdness & Mutations

You have an increased reservoir of magic. (+10% MP)
You shall have no god before yourself.
Your divine heritage dramatically boosts your attributes as you level up.


Message History

The hobgoblin shouts!
A hobgoblin is nearby!
The magic dart hits the hobgoblin.
The hobgoblin is severely wounded.
A hobgoblin is nearby!
The magic dart hits the hobgoblin.
You kill the hobgoblin!
Magic restored.
Key pressed, stopping explore.
You can't see any susceptible monsters within range! (Use Z to cast anyway.)
c - a throwing net You now have 17 gold pieces.
d - 2 scrolls labelled FUSKUR VIKLOEP You can't see any susceptible monsters within range! (Use Z to cast anyway.)
A quokka comes into view.
The magic dart hits the quokka.
The quokka is severely wounded.
A quokka is nearby!
The magic dart hits the quokka.
You kill the quokka!
Key pressed, stopping explore.
You can't see any susceptible monsters within range! (Use Z to cast anyway.)
Found 3 stones.
You can't see any susceptible monsters within range! (Use Z to cast anyway.)
e - 3 scrolls labelled RAGIOR NADERHA You can't see any susceptible monsters within range! (Use Z to cast anyway.)
You see here 3 stones.
f - a scroll labelled WUBBUN RUOS You can't see any susceptible monsters within range! (Use Z to cast anyway.)
You see here 3 stones.
You see here 3 stones.
This is a scroll of acquirement!
Something appears at your feet!
g - the +1 hat of Ywutoboo {Int+5} You start putting on your armour.
You continue putting on the +1 hat of Ywutoboo {Int+5}. x4
You finish putting on the +1 hat of Ywutoboo {Int+5}.
You feel clever. Something appears at your feet!
Are you sure you want to abandon this character and quit the game? (Confirm with "yes".)

#####⌠#####..
############
# ######### #
........# #
#.#
##########
#.#
#.........
#.#
#.########
#@#######.#
#.........#
###########


There were no monsters in sight!

Vanquished Creatures
  A hobgoblin (D:1)
  A quokka (D:1)
2 creatures vanquished.

Notes
Turn   | Place    | Note
-------+----------+-------------------------------------------
     0 | D:1      | McKennaii the Demigod Conjurer began the quest for the Orb.
     0 | D:1      | Reached XP level 1. HP: 14/14 MP: 5/5
   130 | D:1      | Identified 3 scrolls of acquirement
   130 | D:1      | Acquired the +1 hat of Ywutoboo {Int+5}
   137 | D:1      | Acquired 879 gold pieces
   138 | D:1      | Quit the game

Illustrated notes

Levels and vault maps discovered:
D:1:      spicycebolla_arrival_ecumenical, layout_loops_ring

Action                     || total
---------------------------++-------
   Cast: Magic Dart        ||     5
    Use: Scroll            ||     2
